 Dungeon Crawl Stone Soup version 0.30-a0-782-ge64f9170bb (webtiles) character file.

Game seed: 3785836795855291063

156 holysushi the Ruffian (level 5, -8/50 HPs)
             Began as a Troll Monk on Feb 19, 2023.
             Killed by nerve-wracking pain
             ... invoked by an orc priest
              (13 damage)
             ... on level 4 of the Dungeon.
             The game lasted 00:03:23 (2492 turns).

holysushi the Ruffian (Troll Monk)                  Turns: 2492, Time: 00:03:24

Health: -8/50      AC:  5    Str: 21    XL:     5   Next: 14%
Magic:  7/7        EV: 10    Int:  6    God:
Gold:   255        SH:  0    Dex: 12    Spells: 8/8 levels left

rFire   . . .      SeeInvis .      - Unarmed
rCold   . . .      Faith    .    (no shield)
rNeg    . . .      Spirit   .    a - +1 robe
rPois   .          Reflect  .    (helmet restricted)
rElec   .          Harm     .    (no cloak)
rCorr   .          Rampage  .    (gloves unavailable)
Will    .....                    (boots unavailable)
Stlth   ++                       (no amulet)
HPRegen 1.08/turn                (no ring)
MPRegen 0.10/turn                (no ring)

@: about to teleport
A: large, unfitting armour, claws 3, regeneration 1, shaggy fur 1, tough skin 1
a: no special abilities


You were on level 4 of the Dungeon.
You visited 1 branch of the dungeon, and saw 4 of its levels.

You collected 255 gold pieces.

Inventory:

Armour
 a - a +1 robe (worn)
Jewellery
 c - a +6 ring of dexterity
Wands
 r - a wand of flame (12)
Scrolls
 f - 2 scrolls of enchant armour
 g - a scroll of magic mapping {unknown}
 h - a scroll of identify
Potions
 b - a potion of ambrosia
 d - a potion of flight
 e - a potion of resistance
 j - a potion of mutation
 k - a potion of degeneration
 l - a potion of invisibility {unknown}
 m - a potion of heal wounds {unknown}
 n - a potion of curing {unknown}
 o - a potion of lignification {unknown}
 p - 2 potions of might {unknown}
 q - 2 potions of haste {unknown}


   Skills:
 - Level 2.7 Fighting
 - Level 2.6 Dodging
 - Level 1.2 Stealth
 - Level 3.2 Unarmed Combat
 + Level 2.4 Spellcasting


You had 8 spell levels left.
You didn't know any spells.
Your spell library contained the following spells:

 Spells                   Type           Power      Damage    Failure   Level
 Slow                     Hex            0%         N/A       36%         1
 Summon Small Mammal      Summ           0%         N/A       36%         1
 Call Canine Familiar     Summ           0%         N/A       75%         3
 Confusing Touch          Hex            0%         N/A       75%         3
 Summon Guardian Golem    Hex/Summ       0%         N/A       75%         3
 Vampiric Draining        Necr           0%         2d6       75%         3
 Olgreb's Toxic Radiance  Pois           0%         N/A       98%         4
 Malign Gateway           Summ/Tloc      0%         N/A       100%        7
 Ozocubu's Refrigeration  Ice            0%         4d7       100%        7
 Ignition                 Fire           0%         3d3       100%        8
 Summon Horrible Things   Summ           0%         N/A       100%        8


Dungeon Overview and Level Annotations

Branches:
Dungeon (4/15) Zot: 21515
 Temple: D:4-7

Altars:
Cheibriados

Annotations:
D:3 1 transporter


Innate Abilities, Weirdness & Mutations

You are too large for most types of armour.
You have claws for hands.
Your natural rate of healing is unusually fast.
You are covered in fur. (AC +1)
You have tough skin. (AC +1)


Message History

The adder bites you.
You are poisoned.
The adder poisons you!
The orc priest invokes the aid of Beogh against you.
Beogh smites you!
You claw the adder!
You kill the adder!
You feel sick.
You feel sick. The orc priest barely misses you.
The orc wizard barely misses you.
You see here 12 gold pieces.
You barely miss the orc wizard. The orc priest closely misses you.
The orc wizard barely misses you.
The orc priest attacks as you move away!
The orc priest hits you but does no damage.
You feel sick.
You claw the orc priest!
The orc priest is heavily wounded.
You feel sick.
The orc priest invokes the aid of Beogh against you.
Beogh smites you!
The orc priest invokes the aid of Beogh against you.
Beogh smites you!
* * * LOW HITPOINT WARNING * * *
You scratch the orc priest.
The orc priest is heavily wounded.
You feel sick.
You are no longer poisoned.
The orc priest invokes the aid of Beogh against you.
Beogh smites you!
* * * LOW HITPOINT WARNING * * *
The orc priest barely misses you.
The orc wizard mumbles some strange words.
The orc wizard flickers and vanishes!
Deactivating autopickup; reactivate with Ctrl-A.
As you read the scroll of teleportation, it crumbles to dust.
You feel strangely unstable.
The orc priest invokes the aid of Beogh against you.
Pain shoots through your body!
You die...

........##.
#.##############.##.
#.#.................
#
#.#.#####...........
.)####. #.######.#..
....... #.#.........
.>.....
##.#.####.#..
.....oo######....#
#.#..
#.o{o@......###
#.#.. ##########.##
#.#.. ...# #.. #.###
#.. #. #.. #


You could see 2 orc priests and 2 orcs.

Vanquished Creatures
  A hound (D:4)
  An iguana (D:4)
  A gnoll (D:1)
  3 adders
  A shadow imp (D:3)
  A worm (D:2)
  A dart slug (D:2)
  3 ball pythons
  5 endoplasms
  3 giant cockroaches (D:3)
  3 goblins
  3 hobgoblins
  4 jackals (D:2)
  6 kobolds
  2 quokkas
  7 bats
  A frilled lizard (D:3)
  2 rats
48 creatures vanquished.

Notes
Turn   | Place    | Note
-------+----------+-------------------------------------------
     0 | D:1      | holysushi the Troll Monk began the quest for the Orb.
     0 | D:1      | Reached XP level 1. HP: 22/22 MP: 0/0
   249 | D:1      | Reached XP level 2. HP: 29/29 MP: 1/1
   748 | D:2      | Reached XP level 3. HP: 36/36 MP: 2/2
   784 | D:2      | Found a snail-covered altar of Cheibriados.
  1090 | D:2      | Reached skill level 1 in Spellcasting
  1575 | D:3      | Reached XP level 4. HP: 44/44 MP: 5/5
  1674 | D:3      | Found a transporter.
  1684 | D:3      | Found a transporter.
  2404 | D:4      | Reached XP level 5. HP: 40/50 MP: 7/7
  2492 | D:4      | Killed from afar by an orc priest

Illustrated notes

Levels and vault maps discovered:
D:1:      lemuel_arrival_behind_the_door_small, layout_loops_ring,
          chequers_mini_garden, minmay_nonomino_d4
D:2:      layout_basic, basic_altar
D:3:      gammafunk_wand_slinger, layout_basic, kennysheep_generic_room_16
D:4:      layout_loops_ring, ebering_ghost_reflecting_pool, dk_rats_in_the_wall

Skill      XL: |  1  2  3  4 |
---------------+-------------+-----
Spellcasting   | 1 2 |  2.4
Fighting       | |  2.7
Dodging        | |  2.6
Stealth        | |  1.2
Unarmed Combat | |  3.2

Action                     |  1- 3 |  4- 6 || total
---------------------------+-------+-------++-------
  Melee: Unarmed           |    70 |    52 ||   122
         Punch             |     2 |       ||     2
  Evoke: Wand              |       |     4 ||     4
    Use: Scroll            |       |     9 ||     9
 Armour: Robe              |    22 |    22 ||    44
  Dodge: Dodged            |    30 |    32 ||    62

Table legend: (Time is in decaauts)
 A = Elapsed time spent in this place.
 B = Non-inter-level travel time spent in this place.
 C = Inter-level travel time spent in this place.
 D = Time resting spent in this place.
 E = Time spent auto-exploring this place.
 F = Levels seen in this place.
 G = Mean time per level.
                   A        B        C        D        E       F      G
               +--------+--------+--------+--------+--------+-----+--------+
         Total |   2483 |   2390 |     93 |     78 |   1888 |   4 |  620.8 |
       Dungeon |   2483 |   2390 |     93 |     78 |   1888 |   4 |  620.8 |
               +--------+--------+--------+--------+--------+-----+--------+

Top non-repeatable levels by time:
     D:2: 771 daAuts
     D:1: 726 daAuts
     D:3: 719 daAuts
     D:4: 266 daAuts
